 Dungeon Crawl Stone Soup version 0.16.2-12-gd0ad4c3 (webtiles) character file.

789 musteatbrain the Chopper (level 7, -8/63 HPs)
             Began as a Minotaur Fighter on Sept 27, 2015.
             Killed from afar by Pikel (16 damage)
             ... with a wand of fire
             ... on level 5 of the Dungeon.
             The game lasted 00:10:44 (3298 turns).

musteatbrain the Chopper (Minotaur Fighter)         Turns: 3298, Time: 00:10:44

Health: -8/63      AC:  8    Str: 28    XL:     7   Next: 56%
Magic:  3/3        EV:  9    Int:  5    God:
Gold:   258        SH: 10    Dex:  9    Spells: 0 memorised, 6 levels left

rFire  . . .     SeeInvis .     a - +0 war axe
rCold  . . .     Clarity  .     b - +0 scale mail
rNeg   . . .     SustAb   .     c - +0 shield
rPois  .         Gourm    .     (helmet restricted)
rElec  .         Spirit   .     (no cloak)
rCorr  .         Warding  .     (no gloves)
rMut   .         Stasis   .     t - +0 pair of boots
MR     .....                    (no amulet)
Stlth  ..........               (no ring)
                                (no ring)

@: mighty, not resistant to hostile enchantments, extremely unstealthy
A: retaliatory headbutt, horns 2
a: no special abilities


You were on level 5 of the Dungeon.
You were not hungry.

You visited 1 branch of the dungeon, and saw 5 of its levels.
You also visited: Sewer.

You collected 258 gold pieces.

Inventory:

Hand weapons
 a - a +0 war axe (weapon)
Armour
 b - a +0 scale mail (worn)
 c - a +0 shield (worn)
 t - a +0 pair of boots (worn)
Magical devices
 D - a wand of frost (34)
 F - a wand of cold (8)
Scrolls
 e - 2 scrolls of recharging {unknown}
 i - 6 scrolls of identify {unknown}
 j - 3 scrolls of remove curse {unknown}
 k - a scroll of blinking {unknown}
 l - 5 scrolls of enchant armour {unknown}
 q - 3 scrolls of fog {unknown}
 r - a scroll of random uselessness {unknown}
 u - a scroll of immolation {unknown}
 y - 4 scrolls of magic mapping {unknown}
 A - 3 scrolls of teleportation {unknown}
 C - 2 scrolls of enchant weapon {unknown}
 G - a scroll of fear {unknown}
Potions
 f - a potion of restore abilities {unknown}
 n - 2 potions of cure mutation {unknown}
 p - 2 potions of brilliance {unknown}
 s - 2 potions of ambrosia {unknown}
 v - a potion of agility {unknown}
 w - 2 potions of curing {unknown}
 x - a potion of heal wounds {unknown}
 z - 3 potions of might
 B - a potion of magic {unknown}
 E - a potion of flight {unknown}
Comestibles
 d - 3 bread rations
 g - 4 meat rations
 h - a slice of pizza
 m - 4 fruits
 o - a beef jerky


   Skills:
 - Level 6.1 Fighting
 - Level 7.5 Axes
 + Level 5.1 Armour
 + Level 3.1 Dodging
 - Level 3.6 Shields


You had 6 spell levels left.
You didn't know any spells.

Dungeon Overview and Level Annotations

Branches:
Dungeon (5/15)
 Temple: D:4-7

Altars:
Dithmenos
Ru
Xom

Annotations:
D:5 Pikel


Innate Abilities, Weirdness & Mutations

You reflexively headbutt those who attack you in melee.
You have a pair of horns on your head.


Message History

You slash Pikel!
Pikel is moderately wounded.
You block Pikel's attack.
You barely miss Pikel.
Pikel is moderately wounded.
Pikel zaps a wand.
The bolt of fire hits you!
* * * LOW HITPOINT WARNING * * *
Drink which item? (? for menu, Esc to quit)
You feel very mighty all of a sudden.
Pikel says, "I'm sure they'll be treated well, anyway."
Pikel hits you but does no damage.
You slash Pikel! Your headbutt misses Pikel.
Pikel is heavily wounded.
Pikel zaps a wand.
The bolt of fire hits you!
* * * LOW HITPOINT WARNING * * *
Pikel hits you but does no damage.
You barely miss Pikel.
Pikel is heavily wounded.
Pikel zaps a wand.
The bolt of fire hits you!
You die...

... ##..##
#....# #....#
#....# ....#
#..#
#.####..#
#ppK@)..#
#....p#####.#
.#> ##<# #..#
#.## #.# #.#
#.# #.#


You could see Pikel and 3 slaves.

Vanquished Creatures
  A black bear (D:4)
  An ogre (D:4)
  The ghost of doctorwho the Caller, an average MfSu of Fedhas (D:3)
  A slave (D:5)
  2 giant frogs (Sewer)
  A scorpion (D:4)
  A hound (D:4)
  An orc wizard (D:3)
  A centaur skeleton (D:4)
  13 adders
  2 river rats (Sewer)
  2 giant mites
  4 worms
  A giant gecko (D:2)
  3 oozes (Sewer)
  5 orcs (D:3)
  7 giant cockroaches
  7 hobgoblins
  11 jackals
  5 kobolds
  2 quokkas
  15 ball pythons (Sewer)
  9 bats
  9 giant newts
  8 goblins
  29 rats
142 creatures vanquished.

Notes
Turn   | Place    | Note
--------------------------------------------------------------
     0 | D:1      | musteatbrain, the Minotaur Fighter, began the quest for the Orb.
     0 | D:1      | Reached XP level 1. HP: 19/19 MP: 1/1
   343 | D:1      | Reached XP level 2. HP: 27/27 MP: 1/1
   707 | D:2      | Reached skill level 4 in Fighting
   821 | D:2      | Found a shimmering altar of Xom.
   823 | D:2      | Found a shimmering altar of Xom.
   869 | D:2      | Reached XP level 3. HP: 20/33 MP: 2/2
  1105 | D:2      | Found a shadowy altar of Dithmenos.
  1214 | D:2      | Reached XP level 4. HP: 38/41 MP: 2/2
  1426 | D:3      | Noticed doctorwho's ghost (average MfSu)
  1431 | D:3      | Killed doctorwho's ghost
  1431 | D:3      | Reached skill level 5 in Fighting
  1431 | D:3      | Reached skill level 5 in Axes
  1431 | D:3      | Reached XP level 5. HP: 40/48 MP: 2/2
  1462 | D:3      | Reached skill level 6 in Axes
  1723 | D:3      | Found a glowing drain.
  1730 | D:3      | Reached XP level 6. HP: 51/56 MP: 3/3
  1740 | Sewer    | Entered a sewer
  2279 | Sewer    | Reached skill level 7 in Axes
  2894 | D:4      | Reached skill level 1 in Dodging
  2894 | D:4      | Reached XP level 7. HP: 60/63 MP: 3/3
  2998 | D:4      | Found a sacrificial altar of Ru.
  3028 | D:4      | Reached skill level 5 in Armour
  3280 | D:5      | Entered Level 5 of the Dungeon
  3289 | D:5      | Noticed Pikel
  3298 | D:5      | Killed from afar by Pikel

Action                   |  1- 3 |  4- 6 |  7- 9 || total
-------------------------+-------+-------+-------++-------
Melee: War axe           |    86 |   216 |    20 ||   322
  Use: Potion            |       |     1 |     1 ||     2
  Eat: Chunk             |     1 |     1 |       ||     2
       Meat ration       |       |     1 |     1 ||     2
